Yoshi, lawful male human Samurai ------------------------ |..........```.%.......| |..-------------------.| ----.| ----- |.| |.`|.-- --...| |.| |.....|--|....| |.| |.....|..|....| |.| --....|.%....-- |.| |.......|...| ------|.| |....|`.|...| --|eF$F.|.| |....---|...| |.+::dFx|.| |.......|..-- |-|:keex|.| ----``..|.-- |.+:ehxm@.| ---.--.| |-|dFkBx|-- |.....| |"-hFkBb| |>.|..| --|kFhB.| ------- ------- Yoshi the Ninja Experience level: 6 Strength: 12 Dexterity: 16 Constitution: 18 Intelligence: 13 Wisdom: 8 Charisma: 7 Health: 0(63) Energy: 25(25) Def: 4 Gold: 0 Moves: 5285 Dungeon seed: vHlcNvLy-97w5T6h Game ID: Yoshi_1466547423 Your Inventory: Armor e - an uncursed +0 ring mail (being worn) n - an uncursed +0 orcish shield (being worn) Spells and supernatural/magical abilities: Name Level Category Fail Memory W - pray for help -- divine ? -- Your skills at the end: Fighting Skills martial arts [Basic] wands [Basic] Weapon Skills short sword [Basic] long sword [Basic] bow [Basic] Spellcasting Skills Final Attributes: You were piously aligned. You were telepathic. You were held by a giant mimic. You were fast. You were very unlucky. Amaterasu Omikami was angry with you. You are dead. Vanquished creatures: a giant mimic 3 leprechauns 2 dingos a housecat a gnome mummy an imp a wood nymph 3 orc shamans 4 shriekers a guardian naga hatchling 4 elf zombies 2 ghouls a paper golem a baby crocodile a little dog a floating eye a kitten a homunculus a kobold shaman 3 hill orcs 6 rothes a centipede 2 monkeys an orc zombie a dwarf zombie a wererat 2 werejackals 2 iguanas 2 acid blobs a coyote a large kobold 2 giant rats a green mold 3 gnomes 7 jackals a fox a kobold a goblin 3 sewer rats 11 grid bugs 6 lichens 3 kobold zombies 4 newts 97 creatures vanquished. Voluntary challenges: You had been an atheist until turn 3960. You used a wielded weapon 149 times, starting on turn 40. You read items or engraved 10 times, starting on turn 700. You never genocided any monsters. You never polymorphed an object. You never changed form. You used no wishes. You never split a pudding. You never wrote Elbereth's name. You never violated your personal moral code. Dungeon overview: The Dungeons of Doom: levels 1 to 8 Level 1 some fountains a long staircase Level 2 an altar to Amaterasu Omikami stairs to The Gnomish Mines Level 3 some fountains Level 4 Level 5 Level 6 a fountain Level 7 many fountains Level 8 a fountain stairs to Sokoban The Gnomish Mines: Level 3 stairs to The Dungeons of Doom Sokoban: levels 4 to 7 Level 4 <- You were here Level 5 Level 6 Level 7 stairs to The Dungeons of Doom History has recorded: On T:1 you entered the Dungeons of Doom to retrieve the Amulet of Yendor! On T:271 you reached level 2 of The Dungeons of Doom. On T:441 you reached level 3 of The Dungeons of Doom. On T:532 you reached level 1 of The Gnomish Mines. On T:797 you advanced to experience level 2. On T:1019 you reached level 4 of The Dungeons of Doom. On T:1297 you reached level 5 of The Dungeons of Doom. On T:1422 you reached level 6 of The Dungeons of Doom. On T:1424 you advanced to experience level 3. On T:1706 you reached level 7 of The Dungeons of Doom. On T:1752 you advanced to experience level 4. On T:1796 you reached level 8 of The Dungeons of Doom. On T:1837 you reached level 4 of Sokoban. On T:2156 you advanced to experience level 5. On T:2787 you reached level 3 of Sokoban. On T:2948 you advanced to experience level 6. On T:3477 you reached level 2 of Sokoban. On T:4251 you reached level 1 of Sokoban. On T:4574 you advanced to experience level 7. Score breakdown: Gold: 0 ( 0 points) Experience: 6 levels (12456 points) Exploration: 8 levels ( 17.39%) (11832 points) Discoveries: 8 items ( 3.21%) ( 5377 points) Valuables value: (no points given unless you survive) Artifact value: 0 ( 0 points) Variety of kills: 43 monsters ( 11.23%) (10052 points) Turncount: 5285 turns (-1436 points) Survival: died (score multiplied by 80%) Total score: 30624 Latest messages: You see here a monkey corpse. That door is closed. (2x) You have nothing to unlock that with. This door is locked. You have nothing to unlock that with. This door is locked. As you kick the door, it crashes open! Welcome to David's treasure zoo! You hear a door open. Wait! That's a giant mimic! The giant mimic hits! (2x) You hit the giant mimic! (3x) You hit the giant mimic. You hit the giant mimic! The giant mimic hits! (2x) You hit the giant mimic! (2x) You miss the giant mimic. (4x) The giant mimic hits! You die... Final status: Sayonara Yoshi the Samurai, killed by a giant mimic... You died in Sokoban on dungeon level 4 with 30624 points, and 0 pieces of gold, after 5285 moves. You were level 6 with a maximum of 63 hit points when you died.